 Dungeon Crawl Stone Soup version 0.28-a0-991-g956f0ee3d5 (webtiles) character file.

Game seed: 8555481442213037422

4931 enile the Fighter (level 10, -3/88 HPs)
             Began as a Purple Draconian Earth Elementalist on Dec 5, 2021.
             Was a Believer of Okawaru.
             Slain by a vampire (10 damage)
             ... created by the anger of Yredelemnul
             ... on level 10 of the Dungeon.
             The game lasted 00:33:56 (13946 turns).

enile the Fighter (DrEE)                           Turns: 13946, Time: 00:33:57

Health: -3/88      AC: 10    Str: 14    XL:     10   Next: 27%
Magic:  3/16       EV: 16    Int: 21    God:    Okawaru [**....]
Gold:   382        SH:  0    Dex: 13    Spells: 4/17 levels left

rFire   . . .      SeeInvis .   b - +2 flail (drain)
rCold   . . .      Faith    .   (no shield)
rNeg    . . .      Spirit   .   (armour unavailable)
rPois   .          Reflect  .   (helmet restricted)
rElec   .          Harm     .   (no cloak)
rCorr   .          Rampage  .   f - +2 pair of gloves
Will    ++...                   (no boots)
Stlth   ++++......              c - amulet of the acrobat
HPRegen 0.24/turn               g - ring of willpower
MPRegen 0.15/turn               A - +6 ring of intelligence

@: heroic, very slightly contaminated
A: breathe power, AC +7, unfitting armour, cold-blooded
a: Breathe Dispelling Energy, Renounce Religion, Heroism


You were on level 10 of the Dungeon.
You worshipped Okawaru.
Okawaru was pleased with you.
You visited 2 branches of the dungeon, and saw 11 of its levels.

You collected 382 gold pieces.

Inventory:

Hand Weapons
 a - a +0 short sword
 b - a +2 flail of draining (weapon)
 j - a +2 hand axe of freezing
 o - a +0 flail of venom
 r - a +0 spear
 s - a +1 vorpal mace
 t - a +0 glaive of pain
Missiles
 q - 170 stones
Armour
 f - a +2 pair of gloves (worn)
 h - a +0 leather armour of willpower
Jewellery
 c - an amulet of the acrobat (around neck)
 g - a ring of willpower (left hand)
 m - a ring of protection from fire
 A - a +6 ring of intelligence (right hand)
 D - a +6 ring of dexterity
 H - a ring of willpower
Wands
 y - a wand of iceblast (7)
 F - a wand of digging (13)
 G - a wand of acid (5)
Scrolls
 d - 3 scrolls of enchant armour
 i - 4 scrolls of amnesia
 k - a scroll of enchant weapon
 l - 3 scrolls of magic mapping {unknown}
 n - a scroll of identify
 p - 3 scrolls of fog
 x - a scroll of immolation
 E - a scroll of blinking
Potions
 u - 2 potions of mutation {unknown}
 v - a potion of lignification {unknown}
 w - a potion of might {unknown}
 z - a potion of heal wounds
 B - 3 potions of curing
 C - a potion of attraction {unknown}


   Skills:
 - Level 8.0(13.0) Fighting
 - Level 1.0(8.6) Axes
 + Level 5.6(10.7) Maces & Flails
 - Level 4.0(9.0) Dodging
 - Level 3.0(8.0) Stealth
 - Level 4.0 Spellcasting
 - Level 2.0 Conjurations
 - Level 4.0 Transmutations
 - Level 1.0 Air Magic
 - Level 5.0 Earth Magic
 - Level 4.0 Poison Magic
 - Level 6.0 Invocations
 - Level 5.0 Evocations


You had 4 spell levels left.
You knew the following spells:

 Your Spells              Type           Power      Damage    Failure   Level
a - Sandblast             Erth           50%        2d12      1%          1
b - Passwall              Tmut/Erth      19%        N/A       2%          2
c - Stone Arrow           Conj/Erth      36%        3d9       9%          3
d - Mephitic Cloud        Conj/Pois/Air  13%        N/A       14%         3
e - Petrify               Tmut/Erth      23%        N/A       19%         4

Your spell library contained the following spells:

 Spells                   Type           Power      Damage    Failure   Level
 Magic Dart               Conj           48%        1d5       5%          1
 Olgreb's Toxic Radiance  Pois           21%        N/A       22%         4
 Swiftness                Air            8%         N/A       24%         3
 Ozocubu's Refrigeration  Ice            2%         4d5       100%        7
 Ignition                 Fire           2%         3d3       100%        8
 Lehudib's Crystal Spear  Conj/Erth      9%         10d4      100%        8
 Call Imp                 Summ           Unusable   N/A       N/A         2
 Animate Armour           Summ/Erth      Unusable   N/A       N/A         4
 Animate Dead             Necr           Unusable   N/A       N/A         4
 Summon Forest            Summ/Tloc      Unusable   N/A       N/A         5
 Summon Mana Viper        Hex/Summ       Unusable   N/A       N/A         5
 Summon Cactus Giant      Summ           Unusable   N/A       N/A         6
 Haunt                    Necr/Summ      Unusable   N/A       N/A         7
 Infestation              Necr           Unusable   N/A       N/A         8

Dungeon Overview and Level Annotations

Branches:
Dungeon (10/15)            Temple (1/1) D:5             Orc (0/2) D:9
   Lair: D:8-11

Altars:
Ashenzari
Cheibriados
Dithmenos
Elyvilon
Fedhas
Gozag
Hepliaklqana
Kikubaaqudgha
Makhleb
Nemelex Xobeh
Okawaru
Qazlal
Ru
Sif Muna
Trog
Uskayaw
Vehumet
Wu Jian
Xom
Yredelemnul
Zin
The Shining One
Beogh

Annotations:
D:9 exclusion: cyclops


Innate Abilities, Weirdness & Mutations

You can breathe bolts of dispelling energy.
Your rich purple scales are hard. (AC +7)
You cannot fit into any form of body armour.
You are cold-blooded and may be slowed by cold attacks.


Message History

The vampire bites you but does no damage.
You closely miss the vampire.
You tail-slap the vampire, but do no damage.
The vampire hits you but does no damage.
The vampire misses you.
The vampire casts a spell.
The vampire flickers and vanishes!
Deactivating autopickup; reactivate with Ctrl-A.
You miss something. Something hits you. Something bites you but does no damage.
You hit something. Something hits you but does no damage.
Something barely misses you.
You barely miss something. Something hits you but does no damage.
Something bites you but does no damage.
You barely miss something.
Your tail-slap misses something.
Something hits you. Something bites you!
Something draws strength from your injuries!
You hit something. Something hits you but does no damage. Something bites you!
Something draws strength from your injuries!
You hit something. Something hits you but does no damage.
Something bites you but does no damage.
You barely miss something.
You have got your breath back.
Something hits you. Something bites you.
Something draws strength from your injuries!
Aiming: Petrify (dangerous; 19% risk of failure)
Press: ? - help, Q - select action, (/) - cycle Shift-Dir - straight line, f - yak
Aim: a yak (almost dead, lightly drained, chance to affect: 58%)
You miscast Petrify.
You are very lightly contaminated with residual magic.
Sand pours from your hands. Something hits you!
* * * LOW HITPOINT WARNING * * *
Something bites you.
* * * LOW HITPOINT WARNING * * *
Something draws strength from your injuries!
You gain the combat prowess of a mighty hero.
Something hits you!
* * * LOW HITPOINT WARNING * * *
Something bites you!
You die...

.# ### #.# #.. ...
#.# #.# #.# #.# #
#.# #.##.#..
#####.###.......
#......รท..##+##
#.###@###.#...##
#.###{# #......##
#....Y###.......##
#............<...#
#...!.............+
##...####.........#
..... ##.......##
#.###. ##>....## #.
.. ##...##


You could see a yak (drained).

Vanquished Creatures
  Erolcha (D:9)
  A two-headed ogre (D:8)
  Joseph (D:8)
  Maggie (D:9)
  5 yaks
  2 ice beasts
  2 orc warriors
  3 sky beasts
  An ogre (D:6)
  2 centaurs
  A kobold brigand (D:9)
  A scorpion (D:5)
  A water moccasin zombie (D:5)
  A wyvern skeleton (D:7)
  3 killer bees (D:7)
  8 wights
  A howler monkey (D:4)
  A bullfrog zombie (D:5)
  2 centaur zombies
  2 hounds
  2 jellies (D:4)
  3 orc priests
  2 centaur skeletons
  A gnoll shaman (D:8)
  3 iguanas
  4 orc wizards
  A killer bee zombie (D:9)
  A howler monkey zombie (D:7)
  5 gnolls
  8 adders
  A shadow imp (D:5)
  An ufetubus (D:4)
  A worm (D:3)
  5 dart slugs
  14 orcs
  5 ball pythons
  A bat zombie (D:6)
  5 endoplasms
  4 giant cockroaches (D:1)
  5 goblins
  4 hobgoblins (D:4)
  2 jackals (D:3)
  8 kobolds
  A quokka (D:1)
  8 bats
  7 rats
142 creatures vanquished.

Vanquished Creatures (others)
  4 demonic plants (D:2)
  2 fungi (D:2)
  2 plants
  A withered plant (D:2)
9 creatures vanquished.

Grand Total: 151 creatures vanquished

Notes
Turn   | Place    | Note
-------+----------+-------------------------------------------
     0 | D:1      | enile the Draconian Earth Elementalist began the quest for
                  | the Orb.
     0 | D:1      | Reached XP level 1. HP: 14/14 MP: 3/3
   148 | D:1      | Reached skill level 1 in Fighting
   258 | D:1      | Reached XP level 2. HP: 24/24 MP: 0/5
   355 | D:1      | Reached skill level 2 in Fighting
  1044 | D:2      | Reached XP level 3. HP: 29/29 MP: 2/6
  1203 | D:2      | Reached skill level 3 in Fighting
  1328 | D:2      | Found a faded altar of an unknown god.
  1546 | D:2      | Reached skill level 1 in Axes
  1578 | D:2      | Reached XP level 4. HP: 38/38 MP: 7/7
  1954 | D:3      | Reached skill level 4 in Fighting
  2166 | D:3      | Learned a level 2 spell: Passwall
  2753 | D:4      | Reached XP level 5. HP: 35/46 MP: 8/8
  3128 | D:4      | Reached skill level 1 in Maces & Flails
  4020 | D:4      | Reached XP level 6. HP: 52/52 MP: 9/9
  4180 | D:5      | Entered Level 5 of the Dungeon
  4463 | D:5      | Reached skill level 5 in Fighting
  4559 | D:5      | Found a shimmering altar of Xom.
  4570 | D:5      | Found a shimmering altar of Xom.
  4570 | D:5      | Found a shimmering altar of Xom.
  4570 | D:5      | Found a shimmering altar of Xom.
  4571 | D:5      | Found a shimmering altar of Xom.
  4572 | D:5      | Found a shimmering altar of Xom.
  4574 | D:5      | Found a shimmering altar of Xom.
  4635 | D:5      | Your scales start taking on a rich purple colour.
  4635 | D:5      | Reached XP level 7. HP: 57/61 MP: 8/10
  4811 | D:5      | Found a staircase to the Ecumenical Temple.
  4826 | Temple   | Entered the Ecumenical Temple
  4892 | Temple   | Became a worshipper of Yredelemnul the Dark
  5071 | D:6      | Found a stormy altar of Qazlal.
  5588 | D:6      | Found an ancient bone altar of Kikubaaqudgha.
  6653 | D:7      | Reached skill level 6 in Fighting
  6653 | D:7      | Reached XP level 8. HP: 43/70 MP: 10/12
  6826 | D:7      | Learned a level 3 spell: Stone Arrow
  8588 | D:8      | Noticed Joseph
  8878 | D:8      | Identified a scroll of acquirement
  8879 | D:8      | Acquired an amulet of the acrobat
  9469 | D:8      | Noticed a two-headed ogre
  9488 | D:7      | Reached skill level 5 in Invocations
  9542 | D:8      | Found an iron altar of Okawaru.
 10062 | D:8      | Killed Joseph
 10063 | D:8      | Reached skill level 7 in Fighting
 10063 | D:8      | Reached XP level 9. HP: 34/79 MP: 15/15
 10286 | D:8      | Learned a level 3 spell: Mephitic Cloud
 10298 | D:8      | Killed a two-headed ogre
 10299 | D:8      | Reached skill level 5 in Earth Magic
 10550 | D:7      | Reached skill level 1 in Evocations
 11040 | D:8      | Fell from the grace of Yredelemnul
 11040 | D:8      | Became a worshipper of Warmaster Okawaru
 11544 | D:9      | Noticed Maggie
 11578 | D:9      | Killed Maggie
 11579 | D:9      | Reached skill level 5 in Evocations
 11802 | D:9      | Found a sparkling altar of Nemelex Xobeh.
 11837 | D:9      | Noticed Erolcha
 11858 | D:9      | Killed Erolcha
 11858 | D:9      | Reached * piety under Okawaru
 11859 | D:9      | Reached skill level 1 in Conjurations
 11859 | D:9      | Reached XP level 10. HP: 73/86 MP: 2/16
 11999 | D:9      | Found a staircase to the Orcish Mines.
 12288 | D:9      | Reached skill level 1 in Air Magic
 12421 | D:9      | Noticed a phantasmal warrior
 12831 | D:9      | Learned a level 4 spell: Petrify
 12978 | D:9      | Noticed a +0 dagger
 12980 | D:9      | Noticed a +0 falchion
 12981 | D:9      | Noticed a +0 short sword
 12982 | D:9      | Noticed a +0 dagger
 12983 | D:9      | Noticed a +0 spear
 12985 | D:9      | Noticed a +0 short sword
 12985 | D:9      | Noticed a +0 falchion
 13015 | D:9      | Noticed a cyclops
 13035 | D:9      | Noticed a +0 spear
 13047 | D:9      | Found a hide-covered altar of Uskayaw.
 13604 | D:10     | Entered Level 10 of the Dungeon
 13644 | D:10     | Reached skill level 8 in Fighting
 13644 | D:10     | Reached skill level 5 in Maces & Flails
 13650 | D:10     | HP: 1/84 [yak (11)]
 13659 | D:9      | Reached ** piety under Okawaru
 13946 | D:10     | Slain by a vampire

Illustrated notes

Levels and vault maps discovered:
D:1:      minmay_arrival_hallway, layout_basic, minmay_liquid_box,
          serial_bayou_pond_b
D:2:      layout_basic, shapermc_ecumenical_altar_gd, chequers_garden,
          minmay_heptomino_w4
D:3:      layout_basic, serial_bayou, serial_bayou_shore_b, serial_bayou_pond_c,
          serial_bayou_lake_a, serial_bayou_shore_a
D:4:      layout_gridville
D:5:      layout_rooms, xom_redecorated, minmay_temple_entry_nine_rooms,
          nicolae_elevator_lobby_plus
D:6:      layout_loops_ring, lemuel_zombie_altar_kikubaaqudgha,
          mainiacjoe_overflow_catwalk
D:7:      layout_basic
D:8:      layout_rooms, mainiacjoe_overflow_small_starburst, uniq_joseph
D:9:      layout_basic, mainiacjoe_overflow_boulevard,
          nicolae_uskayaw_en_pointe, minmay_orc_entry_temple_small,
          uniq_erolcha, uniq_maggie
D:10:     layout_loops_corners, uniq_erica, uniq_psyche
Temple:   eino_temple_rhombus

Skill      XL: |  1  2  3  4  5  6  7  8  9 10 |
---------------+-------------------------------+-----
Fighting       | 1 2 3 4 5 6 7 8 |  8.0
Dodging        | 2 3 4 |  4.0
Transmutations | 2 3 4 |  4.0
Axes           | 1 |  1.0
Maces & Flails | 2 3 4 5 |  5.6
Earth Magic    | 4 5 |  5.0
Invocations    | 3 5 6 |  6.0
Stealth        | 3 |  3.0
Spellcasting   | 3 4 |  4.0
Poison Magic   | 4 |  4.0
Evocations     | 5 |  5.0
Conjurations   | 1 2 |  2.0
Air Magic      | 1 |  1.0

Action                   |  1- 3 |  4- 6 |  7- 9 | 10-12 || total
-------------------------+-------+-------+-------+-------++-------
Melee: Unarmed           |     8 |       |       |       ||     8
       Short sword       |    24 |       |       |       ||    24
       Tailslap          |     6 |    12 |    34 |    12 ||    64
       Hand axe          |    20 |    13 |       |       ||    33
       Flail             |       |   121 |   209 |   114 ||   444
 Cast: Sandblast         |    26 |    14 |    12 |       ||    52
       Stone Arrow       |       |       |    15 |     7 ||    22
       Passwall          |       |       |     1 |       ||     1
       Mephitic Cloud    |       |       |     4 |     3 ||     7
       Petrify           |       |       |       |     3 ||     3
Invok: Heroism           |       |       |       |     1 ||     1
 Abil: Breathe Dispellin |       |       |     9 |     3 ||    12
Evoke: Wand              |       |       |    17 |       ||    17
  Use: Scroll            |       |       |    15 |     2 ||    17
       Potion            |       |       |     3 |     1 ||     4
 Stab: Sleeping          |     2 |     7 |     2 |       ||    11
       Confused          |       |       |     1 |     1 ||     2
Armor: Skin              |    28 |    55 |   100 |    48 ||   231
Dodge: Dodged            |    45 |    97 |   175 |    81 ||   398

Table legend: (Time is in decaauts)
 A = Elapsed time spent in this place.
 B = Non-inter-level travel time spent in this place.
 C = Inter-level travel time spent in this place.
 D = Time resting spent in this place.
 E = Time spent auto-exploring this place.
 F = Levels seen in this place.
 G = Mean time per level.
                   A        B        C        D        E       F      G
               +--------+--------+--------+--------+--------+-----+--------+
         Total |  14117 |  13224 |    893 |   2809 |   8609 |  11 | 1283.4 |
       Dungeon |  13755 |  12945 |    810 |   2809 |   8388 |  10 | 1375.5 |
        Temple |    361 |    278 |     83 |      0 |    221 |   1 |  361.0 |
               +--------+--------+--------+--------+--------+-----+--------+

Top non-repeatable levels by time:
     D:7: 3514 daAuts
     D:9: 2339 daAuts
     D:8: 1769 daAuts
     D:4: 1285 daAuts
     D:3: 1214 daAuts
     D:2: 1025 daAuts
     D:6: 895 daAuts
     D:5: 870 daAuts
     D:1: 740 daAuts
  Temple: 361 daAuts
    D:10: 100 daAuts
